 Dungeon Crawl Stone Soup version 0.18-a0-1577-gf591c28 (webtiles) character file.

797 M4edhros the Covert (level 7, 0/43 HPs)
             Began as an Octopode Artificer on Mar 23, 2016.
             Slain by M4edhros's ghost (2 damage)
             ... on level 5 of the Dungeon.
             The game lasted 00:06:12 (4690 turns).

M4edhros the Covert (Octopode Artificer)            Turns: 4690, Time: 00:06:14

Health: 0/43       AC:  1    Str: 16 (17) XL:     7   Next: 89%
Magic:  9/9        EV: 14    Int: 13 (15) God:    Xom [.*....]
Gold:   265        SH:  0    Dex: 12 (15) Spells: 0 memorised, 6 levels left

rFire  . . .     SeeInvis .     r - +0 dagger (elec)
rCold  + . .     Gourm    .     (no shield)
rNeg   . . .     Faith    .     (helmet restricted)
rPois  +         Spirit   .     (no amulet)
rElec  .         Dismiss  .     B - ring of wizardry
rCorr  .         Reflect  .     C - +3 ring of intelligence
SustAt .         Harm     .     o - ring of poison resistance
MR     .....                    (no ring)
Stlth  ++++++....               (no ring)
                                (no ring)
                                (no ring)
                                (no ring)

@: mighty, very slightly contaminated, hasted (expiring), very quick, not
resistant to hostile enchantments, very stealthy
A: almost no armour, amphibious, 8 rings, constrict 8, tentacle spike 2,
camouflage 1, cold resistance 1, dopey 1, strong 1, gelatinous body 1
a: Renounce Religion


You were on level 5 of the Dungeon.
You worshipped Xom.
You were a plaything of Xom.
You were not hungry.

You visited 2 branches of the dungeon, and saw 6 of its levels.

You collected 265 gold pieces.

Inventory:

Hand Weapons
 a - a +0 short sword
 r - a +0 dagger of electrocution (weapon)
Missiles
 e - 91 stones (quivered)
Jewellery
 o - a ring of poison resistance (on tentacle)
 B - a ring of wizardry (left tentacle)
 C - a +3 ring of intelligence (right tentacle)
Wands
 b - a wand of flame (14/48)
 c - a wand of enslavement (14/24)
 d - a wand of random effects (0/48)
 t - a wand of lightning (4/15)
Scrolls
 i - 2 scrolls of remove curse {unknown}
 l - 6 scrolls of identify {unknown}
 m - a scroll of fog {unknown}
 v - a scroll of immolation {unknown}
 w - a scroll of enchant weapon {unknown}
 y - a scroll of enchant armour {unknown}
 A - 2 scrolls of recharging {unknown}
Comestibles
 f - 4 bread rations
 n - 3 fruits


   Skills:
 - Level 1.0 Fighting
 - Level 1.0 Short Blades
 + Level 5.1 Dodging
 * Level 10.1 Stealth
 - Level 3.2 Evocations


You had 6 spell levels left.
You didn't know any spells.

Dungeon Overview and Level Annotations

Branches:
Dungeon (6/15)             Temple (1/1) D:5

Altars:
Ashenzari
Dithmenos
Elyvilon
Fedhas
Gozag
Nemelex Xobeh
Okawaru
Qazlal
Ru
Sif Muna
Trog
Vehumet
Xom
Yredelemnul
Zin
The Shining One

Shops:
D:5 [   D:6 =

Annotations:
D:5 M4edhros's ghost, novice OpAr


Innate Abilities, Weirdness & Mutations

You cannot wear most types of armour.
You are amphibious.
You can wear up to eight rings at the same time.
You can use your tentacles to constrict eight enemies at once.
Your skin changes colour to match your surroundings (Stealth).
Your rubbery body absorbs attacks (AC +1).
One of your tentacles bears a nasty spike.
Your flesh is cold resistant.
You are dopey. (Int -2)
Your muscles are strong. (Str +2)


Message History

This wand has no charges.
There is a strange disturbance nearby!
You cannot move.
Something hits you but does no damage.
You cannot move.
You barely miss something. Something hits you but does no damage.
You miss something. Something hits you but does no damage.
You miss something. Something hits you.
* * * LOW HITPOINT WARNING * * *
Something burns you.
* * * LOW HITPOINT WARNING * * *
You miss something. Something hits you but does no damage.
You completely miss something.
You feel less woody.
Your extra speed is starting to run out.
Something hits you.
* * * LOW HITPOINT WARNING * * *
Something burns you.
You die...
Xom yawns loudly!

...................>...........##
.#####.####.............#####..##
## #.....>.#######.##### #..## #
#.[.......# #.# ####..# #
#..######.# #.# #.....# # #..#
#.# #.# #.###.# # #..# #.# ###.#
#.# #.# # #..## #.###5..##
#.###.# # #...# #...@....#
#.##..## # #...## #####{##.#
#.#.#... # #....##
#.##.#####..###.# #.....#
#.##....##.## ##. #.###'###
#.##.###.#..###.# #####.#.....#
#............#.#. ......#.###.###
##.........##.### #####.'['>#.'.#
#.##...####### # # ###.###.#.#
#.###.##


You could see a friendly quasit.

Vanquished Creatures
  Sigmund (D:5)
  A centaur (D:5)
  An orc priest (D:4)
  Blork the orc (D:6)
  A howler monkey (D:5)
  A crimson imp (D:6)
  A giant frog skeleton (D:6)
  3 hounds
  3 orc wizards
  2 worker ants
  2 adders (D:4)
  4 gnolls (D:5)
  A shadow imp (D:5)
  An ooze (D:2)
  An adder zombie (D:5)
  2 dart slugs (D:1)
  3 giant geckos
  4 orcs
  2 giant cockroaches (D:1)
  2 hobgoblins (D:1)
  3 jackals (D:5)
  3 quokkas
  2 ball pythons
  4 bats (D:1)
  2 giant newts
  3 goblins (D:1)
  3 kobolds
  A quokka skeleton (D:5)
  3 rats
61 creatures vanquished.

Vanquished Creatures (collateral kills)
  An ogre (D:4)
  An ooze (D:4)
  An orc (D:4)
3 creatures vanquished.

Grand Total: 64 creatures vanquished

Notes
Turn   | Place    | Note
--------------------------------------------------------------
     0 | D:1      | M4edhros the Octopode Artificer began the quest for the Orb.
     0 | D:1      | Reached XP level 1. HP: 13/13 MP: 3/3
   157 | D:1      | Reached skill level 2 in Stealth
   212 | D:1      | Reached XP level 2. HP: 18/18 MP: 4/4
   281 | D:1      | Reached skill level 3 in Stealth
   443 | D:1      | Reached XP level 3. HP: 20/23 MP: 5/5
   634 | D:2      | Found a white marble altar of Elyvilon.
   661 | D:2      | You fall through a shaft for 2 floors!
   691 | D:4      | Reached skill level 4 in Stealth
   790 | D:4      | Reached XP level 4. HP: 20/28 MP: 6/6
   792 | D:4      | Noticed an ogre
   799 | D:4      | Reached skill level 5 in Stealth
   815 | D:4      | Killed an ogre
   815 | D:4      | Reached skill level 6 in Stealth
   815 | D:4      | Reached XP level 5. HP: 10/33 MP: 7/7
  1054 | D:4      | You fall through a shaft for 2 floors!
  1059 | D:6      | Reached skill level 7 in Stealth
  1124 | D:6      | Reached XP level 6. HP: 23/38 MP: 8/8
  1367 | D:6      | Noticed Blork the orc
  1371 | D:6      | Killed Blork the orc
  1371 | D:6      | Reached skill level 8 in Stealth
  1718 | D:6      | Found Labu's Jewellery Shoppe.
  1801 | D:5      | Entered Level 5 of the Dungeon
  1833 | D:5      | Found a basalt altar of Yredelemnul.
  1895 | D:5      | Found Qaiteefu's Antique Armour Emporium.
  1908 | D:5      | Reached XP level 7. HP: 43/43 MP: 9/9
  1939 | D:5      | Found an opulent altar of Gozag.
  1957 | D:5      | Noticed Sigmund
  1961 | D:5      | Killed Sigmund
  1961 | D:5      | Reached skill level 9 in Stealth
  2082 | D:5      | Found a staircase to the Ecumenical Temple.
  2104 | Temple   | Entered the Ecumenical Temple
  2123 | Temple   | Became a worshipper of Xom of Chaos
  2263 | D:5      | Noticed M4edhros's ghost (novice OpAr)
  2269 | D:5      | XOM: silly message
  2271 | D:5      | XOM: potion effect (curing)
  2591 | D:5      | Reached skill level 5 in Dodging
  2636 | D:5      | Reached skill level 10 in Stealth
  2717 | D:5      | XOM: potion effect (might)
  2735 | D:5      | XOM: potion effect (invisibility)
  2747 | D:5      | XOM: potion effect (berserk rage)
  2752 | D:5      | XOM: potion effect (haste)
  2804 | D:5      | XOM: potion effect (brilliance)
  2807 | D:5      | XOM: potion effect (brilliance)
  2822 | D:5      | XOM: potion effect (agility)
  2937 | Temple   | XOM: cast spell 'Dragon Form'
  3548 | Temple   | XOM is BORED!
  3548 | Temple   | XOM: mild Ice miscast
  3594 | Temple   | XOM: 5-stop teleportation journey
  3818 | Temple   | XOM: give mutations
  3818 | Temple   | Gained mutation: Your flesh is cold resistant. [Xom's mischief]
  3818 | Temple   | Gained mutation: One of your tentacles bears a spike. [Xom's mischief]
  3818 | Temple   | Gained mutation: You are dopey. (Int -2) [Xom's mischief]
  3818 | Temple   | Gained mutation: Your muscles are strong. (Str +2) [Xom's mischief]
  3827 | Temple   | XOM: god gift: encrusted ivory ring {god gift}
  4140 | Temple   | XOM: colour smoke trail
  4308 | Temple   | XOM: mild Erth miscast
  4506 | Temple   | XOM: 5-stop teleportation journey
  4579 | D:5      | XOM: enchant monster (good)
  4596 | D:5      | XOM: swap monsters
  4603 | D:5      | XOM: summons friendly white imp
  4607 | D:5      | XOM: confusion
  4626 | D:5      | XOM: swap monsters
  4663 | D:5      | Gained mutation: One of your tentacles bears a nasty spike. [potion of beneficial mutation]
  4664 | D:5      | XOM: summons friendly quasit
  4667 | D:5      | XOM: divination: detect creatures
  4690 | D:5      | HP: 2/43 [something (3)]
  4690 | D:5      | Slain by M4edhros's ghost

Vault maps used:
D:1:      scummos_arrival_simple_fountains, serial_forest,
          infiniplex_forest_lined_2, infiniplex_forest_clump_small,
          infiniplex_forest_straight_4, infiniplex_forest_end_1,
          infiniplex_forest_lined_corner, infiniplex_forest_lined_2,
          infiniplex_forest_clump_tiny, infiniplex_forest_zigzag_1
D:2:      elyvilon_altar_5, kiku_gazebo_garden_becter,
          minmay_misc_feat_nine_boxes
D:4:      lemuel_upstairs_altar, solitary_fountain
D:5:      kennysheep_mini_moat, minmay_temple_entry_glassed_door, first_bread,
          serial_shops, shop, grunt_gozag_statues, uniq_sigmund
D:6:      serial_shops, shop, hex_large, uniq_blork_the_orc
Temple:   water_room_temple_a_12

Skill      XL: |  1  2  3  4  5  6  7 |
---------------+----------------------+-----
Stealth        | 2 3 4 6 7 8 10 | 10.1
Dodging        | 3 4 5 |  5.1
Fighting       | |  1.0
Short Blades   | |  1.0
Evocations     | |  3.2

Action                   |  1- 3 |  4- 6 |  7- 9 || total
-------------------------+-------+-------+-------++-------
Melee: Short sword       |    45 |    11 |       ||    56
       Dagger            |       |    27 |    35 ||    62
Evoke: Wand              |     1 |     2 |    14 ||    17
  Use: Potion            |       |       |     9 ||     9
 Stab: Sleeping          |     9 |     5 |     7 ||    21
       Distracted        |       |       |     1 ||     1
  Eat: Chunk             |       |     2 |     5 ||     7
       Meat ration       |       |       |     1 ||     1
       Pizza             |       |       |     1 ||     1
